 Dungeon Crawl Stone Soup version 0.20.1-1-g8b1a95d (webtiles) character file.

757 letownia2 the Reanimator (level 7, -10/61 HPs)
             Began as a Deep Dwarf Necromancer on Nov 5, 2017.
             Was an Initiate of Gozag.
             Killed from afar by Anon1729's ghost (16 damage)
             ... with a flame tongue
             ... on level 4 of the Dungeon.
             The game lasted 00:14:31 (4703 turns).

letownia2 the Reanimator (Deep Dwarf Necromancer)   Turns: 4703, Time: 00:14:32

Health: -10/61     AC:  6    Str: 12    XL:     7   Next: 50%
Magic:  12/13      EV: 11    Int: 17    God:    Gozag
Gold:   702        SH:  0    Dex: 13    Spells: 10/14 levels left

rFire    . . .     SeeInvis .   b - +0 flail (holy)
rCold    . . .     Gourm    .   (no shield)
rNeg     . . .     Faith    .   h - +0 ring mail
rPois    .         Spirit   .   l - +0 helmet
rElec    .         Reflect  .   (no cloak)
rCorr    .         Harm     .   (no gloves)
MR       +....                  (no boots)
Stlth    +.........             (no amulet)
Regen    0.0/turn               (no ring)
MPRegen  0.2/turn               (no ring)

@: non-regenerating
A: damage resistance, heal wounds, sense surroundings 1, no regeneration
a: Heal Wounds, Potion Petition, Call Merchant, Bribe Branch, Renounce Religion


You were on level 4 of the Dungeon.
You worshipped Gozag.
Gozag was pleased with you.
You were not hungry.

You visited 2 branches of the dungeon, and saw 6 of its levels.

You collected 779 gold pieces.
You paid 77 gold pieces to Gozag.

Inventory:

Hand Weapons
 a - a +1 dagger of venom
 b - a +0 flail of holy wrath (weapon)
 g - a +0 falchion of slicing
 k - a +0 war axe
 n - a +0 whip of venom
 t - a +1 flail of protection
 x - a +1 dagger of speed
 y - a +6 trident
 F - a +1 hand crossbow of velocity
 J - a cursed -1 spear
Armour
 h - a +0 ring mail (worn)
 i - a +0 scale mail
 l - a +0 helmet (worn)
 o - a +0 leather armour of poison resistance
Wands
 e - a wand of random effects (9/48)
Scrolls
 p - a scroll of fog {unknown}
 q - 2 scrolls of identify {unknown}
 u - a scroll of random uselessness {unknown}
 v - a scroll of enchant armour {unknown}
 w - 2 scrolls of blinking
 B - 2 scrolls of teleportation {unknown}
 C - 5 scrolls of remove curse
 D - a scroll of immolation {unknown}
 I - a scroll of enchant weapon {unknown}
Potions
 d - 2 potions of degeneration {unknown}
 f - a potion of invisibility {unknown}
 j - 2 potions of berserk rage {unknown}
 r - 5 potions of might {unknown}
 A - a potion of mutation {unknown}
 E - 2 potions of heal wounds {unknown}
 G - 3 potions of curing {unknown}
 H - a potion of haste {unknown}
Books
 m - a book of Necromancy

   Spells                             Type                      Level
   a - Pain                           Necromancy                   1
   b - Animate Skeleton               Necromancy                   1
   c - Vampiric Draining              Necromancy                   3
   d - Regeneration                   Charms/Necromancy            3
   e - Animate Dead                   Necromancy                   4
   f - Control Undead                 Necromancy                   4
Comestibles
 c - 4 bread rations
 s - 2 meat rations
 z - 4 fruits


   Skills:
 - Level 2.4 Fighting
 + Level 0.7 Armour
 - Level 2.1 Dodging
 - Level 2.4 Stealth
 + Level 4.0 Spellcasting
 + Level 8.2 Necromancy


You had 10 spell levels left.
You knew the following spells:

 Your Spells              Type           Power        Failure   Level  Hunger
a - Pain                  Necr           ####         1%          1    None
v - Vampiric Draining     Necr           ####......   3%          3    ###....


Dungeon Overview and Level Annotations

Branches:
Dungeon (5/15)             Temple (1/1) D:4

Altars:
Ashenzari
Cheibriados
Dithmenos
Elyvilon
Fedhas
Gozag
Hepliaklqana
Nemelex Xobeh
Qazlal
Sif Muna
Uskayaw
Xom
Yredelemnul
Zin
The Shining One
Beogh

Annotations:
D:3 Meenos's ghost, amateur CeAM
D:4 Anon1729's ghost, amateur OpFE


Innate Abilities, Weirdness & Mutations

You are resistant to damage.
You can heal yourself by infusing magical energy.
You passively map a small area around you.
You do not regenerate.


Message History

Anon1729's ghost casts a spell at you. The flame tongue hits you!
* * * LOW HITPOINT WARNING * * *
You sock Anon1729's ghost!
Anon1729's ghost convulses.
Anon1729's ghost is heavily damaged.
Anon1729's ghost hits you but does no damage.
You closely miss Anon1729's ghost.
Anon1729's ghost is heavily damaged.
Anon1729's ghost casts a spell at you. The flame tongue hits you!
* * * LOW HITPOINT WARNING * * *
You closely miss Anon1729's ghost.
Anon1729's ghost is heavily damaged.
Anon1729's ghost barely misses you. Anon1729's ghost closely misses you.
You miss Anon1729's ghost.
Anon1729's ghost is heavily damaged.
Anon1729's ghost stares at you and mumbles some strange words.
The flame tongue hits you!
You die...
Your body crumbles into a pile of gold.

......###.#######.#.#.#.#.#
.....####.#....#....#.#.#.#
#...##....#.##.#....#.#.#.#
##.##.....#.##.#....#.#.#.#
...#......#.#..'......#.#.#
...####...#.####......#.#.###
..(.............)<..........#
#######.#####..##'#####.#.#.#
#.........@.......#.#.#
########.##W#######.#.#
#.##.#.......#.#
#.##.#.#######.#
#.##.#.###...#.#
#....#.#.......##
#..#.#.#.#......#
####......#.###.##.#
#.......###.###.##.#


You could see Anon1729's ghost.

Vanquished Creatures
  Edmund (D:3)
  A centaur (D:4)
  A hound (D:4)
  2 orc priests
  4 orc wizards
  A centaur skeleton (D:4)
  2 iguanas
  Natasha (D:3)
  A worker ant (D:4)
  Robin (D:4)
  8 adders
  An ooze (D:1)
  2 worms
  4 dart slugs
  3 leopard geckos
  20 orcs
  9 bats
  6 giant cockroaches
  13 goblins
  11 hobgoblins
  11 jackals
  7 frilled lizards
  8 kobolds
  10 rats
128 creatures vanquished.

Notes
Turn   | Place    | Note
-------+----------+-------------------------------------------
     0 | D:1      | letownia2 the Deep Dwarf Necromancer began the quest for the Orb.
     0 | D:1      | Reached XP level 1. HP: 15/15 MP: 3/3
   256 | D:3      | Found a shadowy altar of Dithmenos.
   467 | D:3      | Noticed Meenos's ghost (amateur CeAM)
   486 | D:3      | Reached XP level 2. HP: 8/22 MP: 1/5
   684 | D:4      | Noticed Edmund
   691 | D:3      | Reached XP level 3. HP: 6/28 MP: 0/6
   697 | D:3      | Learned a level 3 spell: Vampiric Draining
   750 | D:4      | Noticed Anon1729's ghost (amateur OpFE)
   750 | D:4      | HP: 1/28 [Edmund/flail of holy wrath (5)]
   907 | D:3      | Killed Edmund
   907 | D:3      | Reached skill level 5 in Necromancy
   907 | D:3      | Reached XP level 4. HP: 6/36 MP: 0/9
   907 | D:3      | Reached XP level 5. HP: 7/42 MP: 0/10
  1286 | D:4      | Reached skill level 1 in Fighting
  1348 | D:4      | Found a stormy altar of Qazlal.
  1381 | D:4      | Found a white marble altar of Elyvilon.
  1388 | D:4      | Found a roughly hewn altar of Beogh.
  1510 | D:4      | Reached skill level 6 in Necromancy
  1876 | D:4      | Reached XP level 6. HP: 29/52 MP: 4/11
  2095 | D:4      | Found a staircase to the Ecumenical Temple.
  2101 | Temple   | Entered the Ecumenical Temple
  2138 | Temple   | Became a worshipper of Gozag Ym Sagoz the Greedy
  2210 | D:4      | Reached skill level 7 in Necromancy
  2277 | D:4      | Noticed Robin
  2298 | D:4      | Killed Robin
  2426 | D:3      | Reached XP level 7. HP: 35/61 MP: 6/12
  2509 | D:3      | Noticed Natasha
  2514 | D:3      | Killed Natasha
  2593 | D:3      | Found a blossoming altar of Fedhas.
  3212 | D:2      | Found a snail-covered altar of Cheibriados.
  3341 | D:2      | Reached skill level 8 in Necromancy
  4637 | D:5      | Entered Level 5 of the Dungeon
  4703 | D:4      | Killed from afar by Anon1729's ghost

Skill      XL: |  1  2  3  4  5  6  7 |
---------------+----------------------+-----
Spellcasting   | 2 3 4 |  4.0
Necromancy     | 5 6 7 8 |  8.2
Fighting       | 2 |  2.4
Armour         | |  0.7
Dodging        | |  2.1
Stealth        | |  2.4

Action                   |  1- 3 |  4- 6 |  7- 9 || total
-------------------------+-------+-------+-------++-------
Melee: Short sword       |     2 |    21 |       ||    23
       Flail             |       |    10 |    35 ||    45
       Dagger            |       |       |    20 ||    20
 Cast: Pain              |    29 |    32 |   107 ||   168
       Vampiric Draining |     6 |    29 |    13 ||    48
  Use: Scroll            |       |     2 |       ||     2
 Stab: Sleeping          |     1 |       |     3 ||     4
  Eat: Chunk             |       |     8 |       ||     8
       Royal jelly       |       |       |     2 ||     2
       Meat ration       |       |       |     1 ||     1
Armor: Leather armour    |     2 |    18 |    21 ||    41
       Ring mail         |       |       |     5 ||     5
Dodge: Dodged            |    10 |    46 |    58 ||   114
